 Dungeon Crawl Stone Soup version 0.27.0-66-gdc8fb28755 (webtiles) character file.

Game seed: 4425900238595345446

39 sanka the Chopper (level 3, -1/31 HPs)
             Began as a Palentonga Abyssal Knight on Aug 20, 2021.
             Was a Believer of Lugonu.
             Succumbed to a water moccasin's poison
             ... on level 3 of the Dungeon.
             The game lasted 00:02:13 (1887 turns).

sanka the Chopper (Palentonga Abyssal Knight)       Turns: 1887, Time: 00:02:13

Health: -1/31      AC:  6    Str: 16    XL:     3   Next: 28%
Magic:  4/4        EV:  9    Int: 12    God:    Lugonu [**....]
Gold:   75         SH:  0    Dex:  9    Spells: 2/2 levels left

rFire    . . .     SeeInvis +   a - +1 hand axe
rCold    . . .     Faith    .   (no shield)
rNeg     . . .     Spirit   .   b - +0 leather armour
rPois    .         Reflect  .   h - +0 helmet
rElec    .         Harm     .   e - +0 cloak
rCorr    .         Rampage  .   (no gloves)
Will     .....                  (no barding)
Stlth    +.........             (no amulet)
HPRegen  0.10/turn              (no ring)
MPRegen  0.09/turn              (no ring)

@: lethally poisoned (-1 -> -10)
A: large, rugged brown scales 3, see invisible, deformed body, roll 1, armoured
tail
a: Rolling Charge, Renounce Religion, Depart the Abyss, Bend Space


You were on level 3 of the Dungeon.
You worshipped Lugonu.
Lugonu was pleased with you.
You visited 1 branch of the dungeon, and saw 3 of its levels.
You visited the Abyss 1 time.

You collected 75 gold pieces.


Innate Abilities, Weirdness & Mutations

You are completely covered in rugged brown scales. (AC +3, +7% HP)
You have supernaturally acute eyesight. (SInv)
Armour fits poorly on your strangely shaped body.
You can roll at nearby foes to attack.
You have a long armoured tail.


   Skills:
 - Level 3.0 Fighting
 + Level 3.8 Axes
 - Level 1.5 Armour
 - Level 0.7 Dodging
 - Level 2.0 Invocations


You had 2 spell levels left.
You didn't know any spells.
Your spell library was empty.

Inventory:

Hand Weapons
 a - a +1 hand axe (weapon)
Armour
 b - a +0 leather armour (worn)
 e - a +0 cloak (worn)
 h - a +0 helmet (worn)
Scrolls
 c - a scroll of noise {unknown}
 g - a scroll of enchant armour {unknown}
Potions
 f - a potion of lignification {unknown}

Dungeon Overview and Level Annotations

Branches:
Dungeon (3/15)

Altars:

▒▒▒▒▒ ▒........ ▒...▒▒▒.....▒ ▒
▒.▒..▒▒...▒ ▒ ▒. ▒▒.▒▒[...▒.▒.▒
▒.▒▒▒ ▒▒............▒ ▒▒▒....
▒..▒▒▒.▒▒▒.▒..... .........
▒▒▒▒▒..▒▒..▒ ▒l▒ ▒..▒ ▒........
▒......▒▒.▒▒ ▒S▒ .▒ ▒........
▒..▒▒▒▒.▒..▒▒▒▒H▒ ▒.▒ ▒........
.................▒ ▒.▒▒▒........
▒▒▒▒▒....▒▒▒▒▒..▒▒▒▒............
▒.▒▒.▒ ▒..........▒▒....... ▒.
▒.▒ ▒..........▒ ▒...... ▒. ▒.▒
▒..........▒ ▒▒▒▒>▒▒ . ▒.▒
▒..........▒▒▒ ▒.▒ . .<▒
▒............▒ ▒▒.▒ .▒▒
▒..........▒.▒▒▒..▒


You could see a water moccasin and a frilled lizard.


Message History

Unknown command.
You hit the water moccasin.
The water moccasin is severely wounded.
The water moccasin bites you.
* * * LOW HITPOINT WARNING * * *
Unknown command.
Unknown command.
The water moccasin bites you but does no damage.
The water moccasin closely misses you.
You closely miss the water moccasin.
The water moccasin is heavily wounded.
The water moccasin bites you but does no damage.
Unknown command.
You barely miss the water moccasin.
The water moccasin is heavily wounded.
The water moccasin bites you.
* * * LOW HITPOINT WARNING * * *
You are lethally poisoned!
The water moccasin poisons you! The water moccasin bites you.
* * * LOW HITPOINT WARNING * * *
You slash the water moccasin!
The water moccasin is severely wounded.
* * * LOW HITPOINT WARNING * * *
You feel very sick. The water moccasin barely misses you.
The water moccasin barely misses you.
You miss the water moccasin.
The water moccasin is severely wounded.
You die...

Action                   || total
-------------------------++-------
Melee: Hand axe          ||   125
       Tailslap          ||     5
  Use: Potion            ||     3
Armor: Leather armour    ||    55
Dodge: Dodged            ||    69

Levels and vault maps discovered:
D:1:      evilmike_arrival_plus, layout_loops_corners,
          ebering_ecumenical_altar_abandoned, roderic_serpentine_path
D:2:      layout_loops_cross
D:3:      layout_rooms, gammafunk_temple_overflow_elements, old_standard_altar,
          minmay_hedge_maze

Notes
Turn   | Place    | Note
-------+----------+-------------------------------------------
     0 | Abyss:1  | sanka the Palentonga Abyssal Knight began the quest for the
                  | Orb.
     0 | Abyss:1  | Reached XP level 1. HP: 19/19 MP: 2/2
    53 | Abyss:1  | Found a corrupted altar of Lugonu.
    77 | D:1      | Escaped the Abyss
   330 | D:1      | Reached XP level 2. HP: 18/25 MP: 3/3
   539 | D:1      | Found a faded altar of an unknown god.
   544 | D:1      | Reached skill level 3 in Axes
   717 | D:1      | Reached ** piety under Lugonu
  1172 | D:1      | Reached XP level 3. HP: 27/31 MP: 4/4
  1865 | D:3      | Noticed a water moccasin
  1880 | D:3      | HP: 1/31 [water moccasin (4)]
  1886 | D:3      | HP: 2/31 [poisoned by a water moccasin]
  1887 | D:3      | Succumbed to a water moccasin's poison

Vanquished Creatures
  A dart slug (D:1)
  2 bats (D:1)
  4 endoplasms
  5 hobgoblins
  3 jackals (D:1)
  4 kobolds (D:1)
  3 quokkas
  3 ball pythons
  4 frilled lizards (D:1)
  A goblin (D:1)
  5 rats
35 creatures vanquished.
